 Dungeon Crawl Stone Soup version 0.30-a0-702-gdf48620a09 (webtiles) character file.

Game seed: 348602019214065210

90 lessens the Cudgeller (level 4, -4/24 HPs)
             Began as a Gargoyle Wanderer on Jan 21, 2023.
             Slain by Grinder (6 damage)
             ... on level 3 of the Dungeon.
             The game lasted 00:02:44 (2176 turns).

lessens the Cudgeller (Gargoyle Wanderer)           Turns: 2176, Time: 00:02:45

Health: -4/24      AC:  9    Str: 19    XL:     4   Next: 56%
Magic:  8/8        EV:  9    Int: 11    God:
Gold:   136        SH:  3    Dex:  9    Spells: 8/9 levels left

rFire   . . .      SeeInvis .    a - +0 flail
rCold   . . .      Faith    .    b - +0 buckler
rNeg    + . .      Spirit   .    e - +0 scale mail
rPois   ∞          Reflect  .    (no helmet)
rElec   +          Harm     .    (no cloak)
rCorr   .          Rampage  .    (no gloves)
Will    .....                    (no boots) Stlth
                                 (no amulet)
HPRegen 0.24/turn                (no ring)
MPRegen 0.11/turn                (no ring)

@: no status effects
A: sickness immunity, AC +3, negative energy resistance 1, electricity
resistance, torment resistance 1, petrification resistance
a: no special abilities


You were on level 3 of the Dungeon.
You visited 1 branch of the dungeon, and saw 3 of its levels.

You collected 136 gold pieces.

Inventory:

Hand Weapons
 a - a +0 flail (weapon)
Missiles
 f - 31 stones
 p - 7 atropa-tipped darts
Armour
 b - a +0 buckler (worn)
 d - a +0 leather armour
 e - a +0 scale mail (worn)
 j - a +0 pair of gloves
Jewellery
 u - an amulet of magic regeneration
Scrolls
 c - a scroll of butterflies
 g - a scroll of enchant weapon {unknown}
 i - a scroll of silence {unknown}
 l - 3 scrolls of fog {unknown}
 m - a scroll of noise {unknown}
 n - 2 scrolls of fear {unknown}
 q - a scroll of vulnerability {unknown}
 r - a scroll of poison {unknown}
 s - a scroll of teleportation {unknown}
 w - a scroll of identify {unknown}
Potions
 h - 2 potions of degeneration {unknown}
 k - a potion of might {unknown}
 o - a potion of curing {unknown}
 t - 3 potions of resistance {unknown}
 v - a potion of cancellation {unknown}


   Skills:
 + Level 0.4 Fighting
 * Level 6.5 Maces & Flails
 - Level 1.1 Shields
 - Level 3.0 Spellcasting
 - Level 1.0 Poison Magic


You had 8 spell levels left.
You knew the following spells:

 Your Spells              Type           Power      Damage    Failure   Level
a - Sting                 Tmut/Pois      8%         1d3       67%         1

Your spell library contained the following spells:

 Spells                   Type           Power      Damage    Failure   Level
 Scorch                   Fire           2%         2d5       86%         2
 Mephitic Cloud           Conj/Pois/Air  2%         N/A       96%         3
 Summon Guardian Golem    Hex/Summ       1%         N/A       98%         3
 Flame Wave               Conj/Fire      1%         2d4       100%        4
 Summon Cactus Giant      Summ           0%         N/A       100%        6
 Orb of Destruction       Conj           0%         9d5       100%        7
 Spellforged Servitor     Conj/Summ      0%         N/A       100%        7


Dungeon Overview and Level Annotations

Branches:
Dungeon (3/15) Zot: 15789

Altars:

Annotations:
D:3 Grinder


Innate Abilities, Weirdness & Mutations

You are immune to sickness and miasma.
Your stone body is resilient. (AC +3)
You are immune to poison.
You resist negative energy. (rN+)
You are resistant to electric shocks. (rElec)
You are resistant to unholy torment.
You are immune to petrification.


Message History

You sock Grinder!
Grinder is heavily wounded.
Grinder misses you. Grinder hits you but does no damage.
You sock Grinder!
Grinder is severely wounded.
You block Grinder's attack.
You hit Grinder but do no damage.
Grinder is heavily wounded.
Grinder hits you but does no damage.
You sock Grinder!
Grinder is almost dead.
Grinder gestures at you.
You are unaffected.
You sock Grinder!
Grinder is almost dead.
Grinder blinks!
You barely miss Grinder.
Grinder is almost dead.
Grinder hits you.
You writhe in agony.
You closely miss Grinder.
Grinder is almost dead.
Grinder blinks!
Grinder gestures at you. Pain shoots through your body!
Grinder blinks!
You start resting.
Grinder is nearby!
Grinder hits you but does no damage.
You closely miss Grinder.
Grinder is almost dead.
Grinder hits you.
* * * LOW HITPOINT WARNING * * *
Grinder hits you.
* * * LOW HITPOINT WARNING * * *
You writhe in agony.
* * * LOW HITPOINT WARNING * * *
You hit Grinder.
Grinder is almost dead.
Grinder hits you.
You die...

######### .# #. #.......#
[#... ###.#####.# .#.###
#...# #.#####.....
########.#######.......#.##
...............5......:....
...#####.#######@......#.
...# #.# #.†..<..# ..## #.#
#.....?.# ########'###
#.........# ...##......###
##......### .............#
######## ...##...†..#.###
...............############
##..........##...#.........


You could see Grinder.

Vanquished Creatures
  3 adders (D:2)
  A worm (D:3)
  2 dart slugs (D:2)
  An orc (D:3)
  4 bats
  6 endoplasms
  2 giant cockroaches
  5 goblins
  4 hobgoblins
  3 jackals (D:1)
  2 quokkas (D:1)
  6 ball pythons
  3 frilled lizards
  4 kobolds (D:1)
  5 rats
  A spectral hobgoblin (D:3)
52 creatures vanquished.

Notes
Turn   | Place    | Note
-------+----------+-------------------------------------------
     0 | D:1      | lessens the Gargoyle Wanderer began the quest for the Orb.
     0 | D:1      | lessens set off with the following items: a +0 flail, a +0
                  | buckler, a scroll of butterflies, a +0 leather armour; and
                  | the following spell memorised: Sting; and the following
                  | spells available to memorise: Mephitic Cloud.
     0 | D:1      | Reached XP level 1. HP: 10/10 MP: 4/4
   345 | D:1      | Reached XP level 2. HP: 15/15 MP: 6/6
   627 | D:1      | Reached XP level 3. HP: 16/19 MP: 7/7
   933 | D:2      | Reached skill level 6 in Maces & Flails
  1199 | D:2      | Reached XP level 4. HP: 24/24 MP: 8/8
  1790 | D:3      | Found a faded altar of an unknown god.
  2145 | D:3      | Noticed Grinder
  2145 | D:3      | Paralysed by Grinder for 3 turns
  2151 | D:3      | Paralysed by Grinder for 3 turns
  2175 | D:3      | HP: 1/24 [Grinder (1)]
  2176 | D:3      | Slain by Grinder

Illustrated notes

Levels and vault maps discovered:
D:1:      matt_arrival_refuge, layout_rooms
D:2:      layout_loops_ring, roderic_lattice_a, minmay_misc_feat_nine_boxes,
          due_unseen_surprise
D:3:      layout_basic, serial_shops, nicolae_shop_window_shopping,
          dreamdust_ecumenical_altar_drowned_temple, uniq_grinder

Skill      XL: |  1  2  3 |
---------------+----------+-----
Maces & Flails | 6 |  6.5
Fighting       | |  0.4
Shields        | |  1.1
Spellcasting   | |  3.0
Poison Magic   | |  1.0

Action                   |  1- 3 |  4- 6 || total
-------------------------+-------+-------++-------
Melee: Flail             |    95 |    66 ||   161
Armor: Scale mail        |    44 |    35 ||    79
Dodge: Dodged            |    37 |    20 ||    57
Block: Buckler           |    21 |     5 ||    26

Table legend: (Time is in decaauts)
 A = Elapsed time spent in this place.
 B = Non-inter-level travel time spent in this place.
 C = Inter-level travel time spent in this place.
 D = Time resting spent in this place.
 E = Time spent auto-exploring this place.
 F = Levels seen in this place.
 G = Mean time per level.
                   A        B        C        D        E       F      G
               +--------+--------+--------+--------+--------+-----+--------+
         Total |   2209 |   2149 |     60 |      3 |   1767 |   3 |  736.3 |
       Dungeon |   2209 |   2149 |     60 |      3 |   1767 |   3 |  736.3 |
               +--------+--------+--------+--------+--------+-----+--------+

Top non-repeatable levels by time:
     D:2: 941 daAuts
     D:1: 834 daAuts
     D:3: 432 daAuts
